 Dungeon Crawl Stone Soup version 0.28.0-45-g0d030f2227 (webtiles) character file.

Game seed: 6049392303632990568

5456 Maricar the Quickloader (level 11, -2/79 HPs)
             Began as a Human Hunter on Apr 21, 2022.
             Was a Priest of Fedhas.
             Slain by a slime creature (7 damage)
             ... on level 9 of the Dungeon.
             The game lasted 01:13:10 (13378 turns).

Maricar the Quickloader (Human Hunter)             Turns: 13378, Time: 01:13:11

Health: -2/79      AC: 11    Str: 14      XL:     11   Next: 0%
Magic:  15/15      EV: 11    Int:  9 (13) God:    Fedhas [***...]
Gold:   699        SH:  0    Dex: 15      Spells: 15/15 levels left

rFire   + . .      SeeInvis .   j - +2 quarterstaff (chaos)
rCold   . . .      Faith    +   (shield currently unavailable)
rNeg    . . .      Spirit   .   b - +1 scale mail {rF+}
rPois   +          Reflect  .   (no helmet)
rElec   .          Harm     .   k - +2 cloak {Stlth+}
rCorr   .          Rampage  .   (no gloves)
Will    .....                   (no boots)
Stlth   ++........              e - amulet of faith
HPRegen 0.23/turn               (no ring)
MPRegen 0.14/turn               (no ring)

@: about to teleport
A: claws 1, deterioration 1, poison resistance
a: Renounce Religion, Wall of Briars, Grow Ballistomycete


You were on level 9 of the Dungeon.
You worshipped Fedhas.
Fedhas was most pleased with you.
You visited 2 branches of the dungeon, and saw 10 of its levels.

You collected 699 gold pieces.

Inventory:

Hand Weapons
 a - a +1 hand crossbow
 j - a +2 quarterstaff of chaos (weapon)
 x - a +0 shortbow
Missiles
 d - 16 bolts
 g - 2 boomerangs (quivered)
 m - 81 sling bullets
 w - 11 poisoned darts
 E - 40 arrows
Armour
 b - a +1 scale mail of fire resistance (worn)
 h - a +2 helmet
 k - a +2 cloak of stealth (worn)
Jewellery
 e - an amulet of faith (around neck)
 z - an amulet of reflection
Wands
 f - a wand of polymorph (12)
Scrolls
 p - a scroll of vulnerability {unknown}
 u - a scroll of noise
 y - 3 scrolls of acquirement {unknown}
 D - a scroll of amnesia
 F - 2 scrolls of magic mapping {unknown}
 G - 2 scrolls of enchant armour {unknown}
Potions
 c - 3 potions of attraction
 o - a potion of magic
 q - 4 potions of brilliance
 A - 2 potions of flight


   Skills:
 * Level 5.1 Fighting
 * Level 4.0 Short Blades
 * Level 6.0 Staves
 * Level 1.3 Bows
 * Level 8.6 Crossbows
 * Level 4.3 Throwing
 * Level 4.2 Armour
 * Level 4.4 Dodging
 * Level 4.4 Stealth
 + Level 0.1 Shields
 * Level 2.8 Spellcasting
 * Level 3.0 Invocations
 * Level 2.6 Evocations


You had 15 spell levels left.
You didn't know any spells.
Your spell library contained the following spells:

 Spells                   Type           Power      Damage    Failure   Level
 Frozen Ramparts          Ice            2%         1d2       98%         3
 Summon Guardian Golem    Hex/Summ       1%         N/A       98%         3
 Ice Form                 Ice/Tmut       1%         N/A       100%        4
 Summon Ice Beast         Ice/Summ       1%         N/A       100%        4
 Orb of Destruction       Conj           0%         9d5       100%        7
 Spellforged Servitor     Conj/Summ      0%         N/A       100%        7


Dungeon Overview and Level Annotations

Branches:
Dungeon (9/15)             Temple (1/1) D:5            Lair (0/6) D:9
    Orc: D:9-12

Altars:
Ashenzari
Cheibriados
Dithmenos
Elyvilon
Fedhas
Gozag
Hepliaklqana
Kikubaaqudgha
Makhleb
Nemelex Xobeh
Okawaru
Qazlal
Ru
Sif Muna
Trog
Uskayaw
Vehumet
Wu Jian
Xom
Yredelemnul
Zin
The Shining One


Innate Abilities, Weirdness & Mutations

You have sharp fingernails.
Your body sometimes deteriorates upon taking damage.
Your system is resistant to poisons. (rPois)


Message History

You sock the slime creature! You burn the slime creature.
The slime creature is severely wounded.
The slime creature hits you!
You hit the slime creature. You freeze the slime creature.
The slime creature is severely wounded.
The slime creature hits you but does no damage.
The slime creature hits you.
You barely miss the slime creature.
The slime creature is severely wounded.
The slime creature closely misses you. The slime creature hits you!
You sock the slime creature! You drain the slime creature.
The slime creature is almost dead.
The slime creature misses you. The slime creature hits you.
You sock the slime creature!
The slime creature flickers and vanishes!
Deactivating autopickup; reactivate with Ctrl-A.
Something hits you!
The bloodstain on the floor disappears!
The slime creature closely misses you.
There is an open door here.
Something merges into a slime creature, and it vanishes!
Reactivating autopickup.
Deactivating autopickup; reactivate with Ctrl-A.
You sock something! You burn something.
Unknown command.
You closely miss something. You completely miss something.
You barely miss something. Something hits you!
Your body deteriorates!
You feel dopey. Something hits you!
* * * LOW HITPOINT WARNING * * *
You closely miss something.
Something hits you but does no damage. x2
You closely miss something. Something hits you.
* * * LOW HITPOINT WARNING * * *
Something hits you!
* * * LOW HITPOINT WARNING * * *
As you read the scroll of teleportation, it crumbles to dust.
You feel strangely unstable. Something hits you!
You die...
Fedhas appreciates your contribution to the ecosystem.

###.......##'######
#........(..(.##..#
#..........)..#...#
#.............#...#
#.............#oJ.#
#.............'...#
#########.............#'###
#.....#.##{########........
#.....#...@.......#........
#.....#...........#........
#.<...#...........#........
#.....#...........#........
#.....#...........#.......[
#........#######...........
#.......#...≈...#..........
#.........#...#............
#........##..P##...####'###


There were no monsters in sight!

Vanquished Creatures
  A two-headed ogre (D:9)
  A deep elf zephyrmancer (D:7)
  A kobold demonologist (D:9)
  A komodo dragon (D:6)
  A troll (D:9)
  A slime creature (D:9)
  Sigmund (D:3)
  A shadow (D:5)
  Menkaure (D:6)
  A water moccasin (D:5)
  An orc warrior (D:9)
  An ice beast (D:8)
  A sky beast (D:7)
  An ogre (D:4)
  2 centaurs
  Blork the orc (D:6)
  3 bullfrogs
  4 scorpions
  2 wyvern zombies (D:7)
  A water moccasin skeleton (D:6)
  9 killer bees (D:9)
  5 wights (D:7)
  A howler monkey (D:9)
  2 centaur zombies (D:8)
  2 hounds
  A lava snake (D:8)
  An orc priest (D:9)
  A jelly (D:7)
  2 bullfrog skeletons (D:7)
  Crazy Yiuf (D:2)
  2 centaur skeletons
  Jessica (D:2)
  Ijyb (D:4)
  4 iguanas
  7 orc wizards
  A killer bee zombie (D:6)
  A hound zombie (D:4)
  A howler monkey zombie (D:5)
  Robin (D:2)
  14 gnolls
  8 adders
  2 howler monkey skeletons
  A shadow imp (D:6)
  5 white imps
  3 dart slugs
  28 orcs
  3 bats
  3 endoplasms
  5 giant cockroaches
  7 hobgoblins
  9 jackals
  3 quokkas
  7 ball pythons
  7 frilled lizards
  12 goblins
  6 kobolds
  5 rats
199 creatures vanquished.

Vanquished Creatures (others)
  2 demonic plants (D:2)
  4 fungi
  5 plants
  4 toadstools (D:5)
15 creatures vanquished.

Grand Total: 214 creatures vanquished

Notes
Turn   | Place    | Note
-------+----------+-------------------------------------------
     0 | D:1      | Maricar the Human Hunter began the quest for the Orb.
     0 | D:1      | Reached XP level 1. HP: 16/16 MP: 1/1
    45 | D:1      | Reached XP level 2. HP: 14/22 MP: 2/2
   143 | D:1      | You fall into a shaft and drop 1 floor!
   266 | D:2      | Reached XP level 3. HP: 12/27 MP: 3/3
  1111 | D:1      | Reached skill level 1 in Armour
  1414 | D:2      | Reached XP level 4. HP: 33/33 MP: 4/4
  1437 | D:2      | Reached skill level 1 in Throwing
  1687 | D:2      | Noticed Jessica
  1690 | D:2      | Killed Jessica
  1691 | D:2      | Reached skill level 1 in Short Blades
  1691 | D:2      | Reached skill level 1 in Staves
  1691 | D:2      | Reached XP level 5. HP: 32/39 MP: 5/5
  2483 | D:2      | Noticed Robin
  2517 | D:2      | Found a faded altar of an unknown god.
  2517 | D:2      | Noticed a rust devil
  2545 | D:2      | Killed Robin
  2832 | D:2      | Found a runed translucent door.
  2833 | D:2      | Noticed Crazy Yiuf
  2838 | D:2      | Killed Crazy Yiuf
  2839 | D:2      | Reached skill level 5 in Crossbows
  2839 | D:2      | Reached XP level 6. HP: 46/46 MP: 6/6
  3062 | D:3      | Found a shadowy altar of Dithmenos.
  3921 | D:3      | Noticed Sigmund
  3932 | D:3      | Killed Sigmund
  3933 | D:3      | Reached XP level 7. HP: 37/51 MP: 7/7
  4649 | D:4      | Noticed Ijyb
  4652 | D:4      | Killed Ijyb
  5054 | D:5      | Entered Level 5 of the Dungeon
  5058 | D:5      | Reached XP level 8. HP: 58/58 MP: 8/8
  5135 | D:5      | Reached skill level 6 in Crossbows
  5216 | D:5      | Noticed a shadow
  5228 | D:5      | Killed a shadow
  5412 | D:5      | Found a staircase to the Ecumenical Temple.
  5797 | Temple   | Entered the Ecumenical Temple
  6212 | Temple   | Became a worshipper of Fedhas Madash
  6709 | D:6      | Noticed a komodo dragon
  6723 | D:6      | Killed a komodo dragon
  6724 | D:6      | Reached XP level 9. HP: 27/65 MP: 8/10
  6728 | D:6      | Reached skill level 7 in Crossbows
  6938 | D:6      | Noticed Menkaure
  6947 | D:6      | Killed Menkaure
  7185 | D:6      | Found a glowing golden altar of the Shining One.
  7200 | D:6      | Reached skill level 1 in Spellcasting
  7200 | D:6      | Reached skill level 1 in Invocations
  7263 | D:6      | Noticed Blork the orc
  7274 | D:6      | Killed Blork the orc
  7275 | D:6      | Reached skill level 1 in Evocations
  7305 | D:6      | Reached * piety under Fedhas
  7345 | D:6      | Found a shimmering altar of Xom.
  7349 | D:6      | Found a hazy altar of Hepliaklqana.
  7350 | D:6      | Noticed a spectral ugly thing
  8113 | D:7      | Found a sparkling altar of Nemelex Xobeh.
  8242 | D:7      | Found a glowing silver altar of Zin.
  8243 | D:7      | Found an iron altar of Okawaru.
  8505 | D:7      | Noticed a deep elf zephyrmancer
  8514 | D:7      | Killed a deep elf zephyrmancer
  8545 | D:7      | Gained mutation: You expend magic power (3 MP) to
                  | strengthen your wands. [potion of mutation]
  8545 | D:7      | Gained mutation: You have a pair of small horns on your
                  | head. [potion of mutation]
  8545 | D:7      | Gained mutation: You have hidden genetic potential. [potion
                  | of mutation]
  8547 | D:7      | Reached skill level 5 in Staves
  8823 | D:7      | Reached XP level 10. HP: 30/69 MP: 13/13
  8893 | D:7      | Reached ** piety under Fedhas
  8894 | D:7      | Reached skill level 8 in Crossbows
  9726 | D:7      | Found a shimmering blue altar of Sif Muna.
  9785 | D:7      | Found a burning altar of Makhleb.
 10597 | D:9      | Lost mutation: You expend magic power (3 MP) to strengthen
                  | your wands. [potion of mutation]
 10597 | D:9      | Lost mutation: You have hidden genetic potential. [potion
                  | of mutation]
 10597 | D:9      | Gained mutation: You possess an exceptional clarity of
                  | mind. [potion of mutation]
 10597 | D:9      | Gained mutation: Your body sometimes deteriorates upon
                  | taking damage. [potion of mutation]
 10597 | D:9      | Gained mutation: You have sharp fingernails. [potion of
                  | mutation]
 10598 | D:9      | Lost mutation: You possess an exceptional clarity of mind.
                  | [potion of mutation]
 10598 | D:9      | Lost mutation: You have a pair of small horns on your head.
                  | [potion of mutation]
 10598 | D:9      | Gained mutation: Your system is resistant to poisons.
                  | (rPois) [potion of mutation]
 10723 | D:9      | Reached *** piety under Fedhas
 10813 | D:9      | Noticed a two-headed ogre
 10854 | D:9      | HP: 1/109 [troll (10)]
 11637 | D:9      | Found a hide-covered altar of Uskayaw.
 11715 | D:9      | Noticed a kobold demonologist
 11720 | D:9      | Noticed a soul eater
 11731 | D:9      | Killed a kobold demonologist
 12285 | D:9      | HP: 2/73 [slime creature (15)]
 12629 | D:9      | Killed a two-headed ogre
 12630 | D:9      | Reached skill level 5 in Fighting
 12630 | D:9      | Reached skill level 1 in Bows
 13005 | D:9      | Found a staircase to the Lair.
 13055 | D:9      | Reached XP level 11. HP: 25/79 MP: 15/15
 13378 | D:9      | Slain by a slime creature

Illustrated notes

Levels and vault maps discovered:
D:1:      grunt_arrival_lava_bath, layout_rooms, minmay_misc_feat_columns,
          minmay_vboxes
D:2:      layout_basic, dreamdust_ecumenical_altar_sealed_demon,
          uniq_crazy_yiuf_cottage, uniq_jessica, uniq_robin
D:3:      layout_basic, nicolae_dithmenos_the_darkroom, serial_co_window_serial,
          co_window_paths_a, co_window_of_opportunity_a, co_window_paths_a,
          co_window_of_opportunity_a, co_window_paths_a, co_window_paths_c,
          co_window_cross_2, co_window_broadway_c, co_window_2corner,
          co_window_unsneaky_path_e, co_window_4corner_b, glass_columns_a,
          kennysheep_generic_room_13, uniq_sigmund
D:4:      layout_loops_ring, uniq_ijyb
D:5:      layout_gridville, minmay_temple_entry_overgrown,
          minmay_gold_behind_fungi
D:6:      layout_layer_cave, regret_index_temple_of_mockery, tso_metal_star,
          minmay_misc_feat_pillars, uniq_menkaure, uniq_blork_the_orc
D:7:      layout_cave_pools, mainiacjoe_overflow_alcove_1,
          nicolae_overflow_crystal_walls, led_sif_pool,
          mainiacjoe_overflow_divided_tiny, minivault_26,
          guppyfry_early_elven_hall
D:8:      layout_basic, kennysheep_big_empty_room
D:9:      layout_gridville, lemuel_tele_altar, dpeg_oklobed_lair
Temple:   minmay_temple_forest_path

Skill      XL: |  1  2  3  4  5  6  7  8  9 10 |
---------------+-------------------------------+-----
Armour         | 1 2 3 4 |  4.2
Throwing       | 1 2 3 4 |  4.3
Short Blades   | 1 2 3 4 |  4.0
Staves         | 1 2 4 5 6 |  6.0
Crossbows      | 5 6 7 8 |  8.6
Stealth        | 2 3 4 |  4.4
Fighting       | 3 4 5 |  5.1
Dodging        | 3 4 |  4.4
Spellcasting   | 2 |  2.8
Invocations    | 1 3 |  3.0
Evocations     | 1 2 |  2.6
Bows           | 1 |  1.3
Shields        | |  0.1

Action                   |  1- 3 |  4- 6 |  7- 9 | 10-12 || total
-------------------------+-------+-------+-------+-------++-------
Melee: Short sword       |    16 |       |       |       ||    16
       Quarterstaff      |    21 |    50 |   146 |   118 ||   335
       Headbutt          |       |       |     3 |     6 ||     9
 Fire: Hand crossbow     |    41 |    71 |   128 |   116 ||   356
       Shortbow          |       |       |       |     5 ||     5
Throw: Boomerang         |     2 |     1 |    13 |    23 ||    39
Invok: Wall of Briars    |       |       |       |     1 ||     1
Evoke: Wand              |       |       |    13 |    12 ||    25
  Use: Scroll            |     2 |     4 |     4 |     9 ||    19
       Potion            |       |     2 |     2 |    11 ||    15
 Stab: Sleeping          |     1 |       |     3 |       ||     4
Armor: Leather armour    |    24 |       |       |       ||    24
       Robe              |       |     5 |    41 |    10 ||    56
       Skin              |       |       |       |    30 ||    30
       Scale mail        |       |       |       |    23 ||    23
       Plate armour      |       |       |       |    12 ||    12
Dodge: Dodged            |    66 |    52 |    99 |    96 ||   313
Block: Other             |       |       |     3 |       ||     3
